 Dungeon Crawl Stone Soup version 0.24-a0-201-gf2055891f0 (webtiles) character file.

Game seed: 3964450829069541523

74 Orphidia the Ruffian (level 4, -2/35 HPs)
             Began as a Draconian Transmuter on Mar 23, 2019.
             Was a Follower of Cheibriados.
             Slain by a gnoll
             ... wielding a +0 halberd
              (11 damage)
             ... on level 2 of the Dungeon.
             The game lasted 00:03:52 (1872 turns).

Orphidia the Ruffian (Draconian Transmuter)         Turns: 1872, Time: 00:03:53

Health: -2/35      AC:  5    Str: 16    XL:     4   Next: 9%
Magic:  4/7        EV: 12    Int: 16    God:    Cheibriados [*.....]
Gold:   39         SH:  0    Dex: 15    Spells: 1/7 levels left

rFire    + . .     SeeInvis .     - Unarmed
rCold    . . .     Gourm    .   (no shield)
rNeg     . . .     Faith    .   (armour unavailable)
rPois    .         Spirit   .   (helmet restricted)
rElec    .         Reflect  .   (no cloak)
rCorr    .         Harm     .   (no gloves)
MR       .....                  (no boots)
Stlth    +.........             (no amulet)
HPRegen  0.11/turn              k - ring of protection from fire
MPRegen  0.10/turn              (no ring)

@: very slow
A: unfitting armour, cold-blooded, AC +5
a: Bend Time, Renounce Religion


You were on level 2 of the Dungeon.
You worshipped Cheibriados.
Cheibriados was aware of your devotion.
You were hungry.

You visited 1 branch of the dungeon, and saw 2 of its levels.

You collected 39 gold pieces.


Innate Abilities, Weirdness & Mutations

Your plain brown scales are hard. (AC +5)
You cannot fit into any form of body armour.
You are cold-blooded and may be slowed by cold attacks.


   Skills:
 - Level 1.1 Fighting
 - Level 1.7 Dodging
 * Level 4.4 Unarmed Combat
 - Level 2.0 Spellcasting
 + Level 2.9 Transmutations


You had one spell level left.
You knew the following spells:

 Your Spells              Type           Power        Failure   Level  Hunger
A - Beastly Appendage     Tmut           ##....       6%          1    #......
B - Sticks to Snakes      Tmut           ##......     10%         2    ###....
C - Spider Form           Tmut/Pois      #.........   34%         3    ###....

Your spell library contained the following spells:

 Spells                   Type           Power        Failure   Level  Hunger
 Ice Form                 Ice/Tmut       #.......     75%         4    #####..
 Blade Hands              Tmut           ##........   86%         5    ######.

Action                   |  1- 3 |  4- 6 || total
-------------------------+-------+-------++-------
Melee: Unarmed           |   139 |       ||   139
       Tailslap          |    12 |       ||    12
       Headbutt          |     5 |       ||     5
       Punch             |     1 |       ||     1
       Kick              |     5 |       ||     5
 Cast: Beastly Appendage |    14 |       ||    14
       Spider Form       |     1 |       ||     1
       Sticks to Snakes  |     1 |       ||     1
  Eat: Chunk             |     2 |       ||     2
Armor: Skin              |    45 |       ||    45
Dodge: Dodged            |    80 |       ||    80

Inventory:

Missiles
 a - 54 arrows
 f - 8 curare-tipped needles
Jewellery
 k - a ring of protection from fire (left hand)
Scrolls
 b - 2 scrolls of identify {unknown}
 e - a scroll of remove curse {unknown}
 i - a scroll of blinking {unknown}
Potions
 g - a potion of might {unknown}
 h - a potion of mutation {unknown}
 j - a potion of degeneration {unknown}
Comestibles
 c - 2 rations

...........##...#.....#..
#.........................
#.#..........#...#..........
#.#............###....##....
... .......(.####..### ...
#.###.#####.##....# ..#
#...#.......#..#..# ...
#####.....######.##..#####....
##.......######)@.............
...####.####...<#.............
...##........####g............
##..........####..............
..###.........................
#.###....<................###.
#..........#.##.#..#.######
...(............#.##.#
#####..<.....###..##.#


You could see a gnoll.

Vanquished Creatures
  3 gnolls
  An adder (D:2)
  2 dart slugs
  A leopard gecko (D:1)
  6 bats
  A giant cockroach (D:1)
  3 goblins
  5 hobgoblins (D:1)
  3 jackals (D:1)
  3 frilled lizards (D:1)
  4 kobolds
  2 rats (D:1)
34 creatures vanquished.

Levels and vault maps discovered:
D:1:      minmay_arrival_shattered_statue, layout_loops_ring,
          cheibriados_altar_1
D:2:      layout_rooms


Message History

Your transformation is almost over.
You see here a +0 dagger.
You start resting.
The gnoll is too close now for your liking.
The gnoll hits you with a +0 spear! The gnoll hits you with a +0 spear.
You see here a +0 dagger.
You are too injured to fight recklessly!
You are too injured to fight recklessly!
You bite the gnoll!
The gnoll is poisoned.
The gnoll is severely wounded.
The gnoll hits you with a +0 spear!
* * * LOW HITPOINT WARNING * * *
You hit the gnoll.
You kill the gnoll!
Cheibriados appreciates the change of pace.
You have reached level 4!
You feel stronger.
Your transformation has ended.
The gnoll hits you from afar with a +0 halberd!
You die...

Notes
Turn   | Place    | Note
-------+----------+-------------------------------------------
     0 | D:1      | Orphidia the Draconian Transmuter began the quest for the
                  | Orb.
     0 | D:1      | Reached XP level 1. HP: 16/16 MP: 3/3
   288 | D:1      | Reached XP level 2. HP: 20/23 MP: 3/5
   303 | D:1      | Learned a level 2 spell: Sticks to Snakes
   395 | D:1      | Found a snail-covered altar of Cheibriados.
   399 | D:1      | Became a worshipper of Cheibriados the Contemplative
  1170 | D:1      | Reached * piety under Cheibriados
  1184 | D:1      | Reached XP level 3. HP: 28/28 MP: 4/6
  1405 | D:2      | Reached skill level 4 in Unarmed Combat
  1590 | D:1      | Learned a level 3 spell: Spider Form
  1872 | D:2      | Reached XP level 4. HP: 9/35 MP: 4/7
  1872 | D:2      | Slain by a gnoll
